Map: Automaton LE

Players

Yocto

  • Race: Zerg Zerg
  • Spawn Location: 3:00

Missge - Winner!

  • Race: Protoss Protoss
  • Spawn Location: 9:00

VOD

Have the link to the VOD?

Description

Time

  • Played on: Dec. 8, 2018, 3:43 p.m.
  • Length: 11:43
Show
View Real Time Build Order
Export as new Build Order

Yocto Zerg 

Build Orders: Pool First 

Get SALT Encoding   

  12  0:01  Drone  
  13  0:14  Overlord  
  13  0:25  Drone  
  14  0:36  Drone x2  
  16  0:46  Drone  
  17  0:53  Spawning Pool  
  17  0:54  Drone  
  17  1:00  Extractor  
  16  1:05  Drone  
  17  1:42  Hatchery  
  17  1:44  Drone  
  17  1:45  Queen  
  19  1:58  Overlord  
  20  2:01  Drone x2  
  21  2:20  Zergling x2  
  21  2:22  Zergling x2  
  22  2:43  Queen  
  24  2:54  Hatchery  
  24  2:55  Metabolic Boost  
  23  3:07  Drone x4  
  27  3:27  Drone  
  27  3:28  Drone x2  
  30  3:34  Baneling Nest  
  30  3:39  Queen  
  31  3:47  Overlord  
  31  3:57  Drone x3  
  31  4:01  Overlord  
  34  4:04  Drone x2  
  34  4:28  Drone x3  
  34  4:29  Drone x2  
  39  4:33  Roach Warren, Drone x3  
  39  4:34  Drone  
  42  4:41  Overlord  
  42  4:43  Drone x3  
  45  5:01  Extractor  
  44  5:07  Extractor  
  44  5:08  Queen  
  45  5:16  Drone  
  45  5:17  Drone x2  
  46  5:23  Roach x9  
  46  5:24  Roach  
  57  5:48  Roach x7  
  60  6:01  Roach x2  
  60  6:02  Roach x2  
  62  6:11  Overlord  
  62  6:12  Overlord x2  
  62  6:16  Drone x4  
  66  6:29  Queen  
  68  6:46  Extractor  
  67  6:47  Drone x3  
  67  6:52  Queen  
  72  7:03  Drone x3  
  75  7:13  Lair  
  75  7:27  Drone x7  
  75  7:28  Queen, Drone x3  
  87  7:34  Evolution Chamber  
  86  7:39  Zergling x4  
  86  7:40  Zergling x2  
  89  7:48  Overlord x3  
  89  7:55  Drone  
  90  8:02  Zerg Ground Armor Level 1  
  90  8:06  Queen  
  92  8:18  Roach x9  
  92  8:19  Roach  
  111  8:28  Hydralisk Den  
  111  8:30  Spine Crawler  
  111  8:31  Overlord x5  
  109  8:51  Glial Reconstitution  
  109  8:52  Roach x3  
  109  8:53  Roach x5  
  123  9:04  Roach x3  
  123  9:05  Roach x2  
  111  9:23  Roach  
  107  9:24  Roach x6  
  99  9:33  Roach x3  
  89  9:45  Roach x3  
  85  10:08  Hydralisk x7  
  99  10:20  Hydralisk x3  
  96  10:29  Roach  
  96  10:30  Roach x6  
  92  10:39  Hydralisk x5  
  92  10:40  Hydralisk  
  68  11:16  Roach x2  
  68  11:17  Roach x5  
Show
View Real Time Build Order
Export as new Build Order

Missge Protoss - Winner!

Build Orders:  

Get SALT Encoding   

  12  0:01  Probe  
  13  0:13  Probe  
  14  0:23  Pylon  
  14  0:26  Probe  
  15  0:41  Probe  
  16  0:44  Gateway  
  16  0:53  Probe  
  17  0:58  Assimilator  
  17  1:05  Probe  
  18  1:17  Probe  
  19  1:29  Probe  
  20  1:33  Cybernetics Core  
  20  1:41  Probe  
  20  1:43  Pylon  
  21  1:48  Zealot  
  23  1:57  Gateway  
  23  1:59  Pylon  
  23  2:01  Warp Gate  
  23  2:17  Probe  
  24  2:25  Pylon  
  24  2:41  Nexus  
  24  2:45  Gateway  
  24  2:48  Pylon  
  24  2:54  Probe  
  25  3:04  Stalker x2  
  29  3:06  Probe  
  30  3:15  Shield Battery  
  30  3:20  Assimilator  
  30  3:27  Shield Battery  
  30  3:50  Probe  
  32  3:55  Probe  
  32  4:02  Probe  
  33  4:05  Stalker  
  33  4:06  Stalker x2  
  33  4:07  Probe  
  40  4:23  Gateway  
  40  4:29  Pylon  
  40  4:37  Stalker x3  
  46  4:41  Probe  
  46  4:43  Probe  
  48  4:53  Probe  
  48  4:55  Probe  
  48  4:59  Robotics Facility  
  50  5:02  Assimilator  
  50  5:05  Probe  
  51  5:07  Probe  
  51  5:08  Assimilator  
  52  5:17  Probe  
  52  5:19  Probe  
  52  5:50  Immortal  
  48  6:06  Gateway  
  48  6:07  Gateway  
  44  6:19  Immortal  
  44  6:22  Probe x2  
  46  6:28  Nexus  
  46  6:29  Stalker x2  
  46  6:30  Pylon  
  54  6:32  Pylon  
  54  6:34  Probe x2  
  56  6:46  Probe x2  
  58  6:49  Stalker x2  
  62  6:58  Probe x2  
  64  7:02  Gateway  
  64  7:10  Probe x2  
  64  7:11  Immortal  
  64  7:12  Forge  
  64  7:13  Stalker  
  72  7:17  Forge  
  72  7:22  Probe  
  73  7:23  Stalker x2  
  73  7:25  Protoss Ground Weapons Level 1  
  73  7:29  Probe  
  78  7:35  Assimilator  
  78  7:39  Assimilator  
  78  7:41  Probe  
  78  7:44  Pylon  
  79  7:46  Pylon  
  79  7:53  Immortal  
  83  8:00  Stalker x2  
  83  8:01  Stalker  
  89  8:19  Protoss Ground Armor Level 1  
  89  8:22  Adept x4  
  97  8:41  Twilight Council  
  97  8:43  Probe  
  97  8:44  Probe x2  
  100  8:53  Robotics Facility  
  100  8:56  Probe x3  
  103  9:08  Probe x3  
  80  9:39  Stalker x4  
  80  9:40  Stalker x3  
  80  9:44  Immortal  
  80  9:45  Immortal  
  102  9:51  Gateway  
  102  9:53  Gateway  
  102  9:56  Charge  
  102  9:57  Gateway  
  102  10:08  Stalker x3  
  108  10:15  Nexus, Pylon  
  108  10:17  Pylon  
  108  10:20  Pylon  
  98  10:49  Zealot x4  
  106  10:50  Zealot x5  
  114  11:02  Immortal x2  
Tags
 
Matchup
PvZ
Opening
Pool First
Replay Pack
Yocto
Spawn Locations
Cross Positions
Add a new tag
Caveats
  • Supply blocks, unpowered buildings, or Contaminate may cause inaccurate times.
  • Supply counts are checked every 10 seconds.